 Dungeon Crawl Stone Soup version 0.29.1-13-g9f3cf754e1 (webtiles) character file.

Game seed: 13048769369492170146

135 Descartes the Ducker (level 4, -5/24 HPs)
             Began as a Deep Elf Wanderer on Jan 26, 2023.
             Killed by divine providence
             ... invoked by an orc priest
              (12 damage)
             ... on level 3 of the Dungeon.
             The game lasted 00:06:27 (3603 turns).

Descartes the Ducker (Deep Elf Wanderer)            Turns: 3603, Time: 00:06:28

Health: -5/24      AC:  3    Str:  6    XL:     4   Next: 96%
Magic:  0/10       EV: 13    Int: 20    God:
Gold:   199        SH:  4    Dex: 16    Spells: 8/9 levels left

rFire   . . .      SeeInvis .   a - +0 dagger
rCold   . . .      Faith    .   p - +0 buckler
rNeg    . . .      Spirit   .   n - +0 robe {Will+}
rPois   .          Reflect  .   (no helmet)
rElec   .          Harm     .   (no cloak)
rCorr   .          Rampage  .   (no gloves)
Will    +....                   d - +0 pair of boots
Stlth   +.........              (no amulet)
HPRegen 0.08/turn               (no ring)
MPRegen 0.12/turn               (no ring)

@: very slightly contaminated
A: no striking features
a: no special abilities


You were on level 3 of the Dungeon.
You visited 1 branch of the dungeon, and saw 3 of its levels.

You collected 199 gold pieces.

Inventory:

Hand Weapons
 a - a +0 dagger (weapon)
Missiles
 i - 6 poisoned darts (quivered)
Armour
 d - a +0 pair of boots (worn)
 n - a +0 robe of willpower (worn)
 p - a +0 buckler (worn)
 s - a +1 scale mail of fire resistance
Wands
 c - a wand of light (8)
 t - a wand of roots (8)
Scrolls
 g - 3 scrolls of poison {unknown}
 h - 3 scrolls of amnesia {unknown}
 k - a scroll of butterflies {unknown}
 l - 2 scrolls of identify {unknown}
 m - 2 scrolls of blinking {unknown}
 o - 2 scrolls of fear {unknown}
 r - a scroll of torment {unknown}
Potions
 b - 5 potions of curing
 e - a potion of lignification {unknown}
 f - a potion of haste {unknown}
 j - a potion of degeneration {unknown}
 q - a potion of might {unknown}


   Skills:
 - Level 1.5 Armour
 + Level 4.2 Dodging
 * Level 1.6 Shields
 - Level 3.0 Spellcasting
 - Level 1.2 Necromancy
 + Level 3.5 Air Magic
 - Level 1.0 Invocations


You had 8 spell levels left.
You knew the following spells:

 Your Spells              Type           Power      Damage    Failure   Level
a - Shock                 Conj/Air       40%        1d5       9%          1

Your spell library contained the following spells:

 Spells                   Type           Power      Damage    Failure   Level
 Necrotise                Necr           28%        1d5       12%         1
 Swiftness                Air            17%        N/A       13%         3
 Apportation              Tloc           6%         N/A       19%         1
 Summon Small Mammal      Summ           12%        N/A       19%         1
 Vampiric Draining        Necr           7%         2d6       34%         3
 Gell's Gravitas          Tloc           3%         N/A       50%         3
 Teleport Other           Tloc           3%         N/A       50%         3
 Corpse Rot               Necr/Pois/Air  9%         N/A       67%         4
 Dispersal                Tloc           1%         N/A       100%        6


Dungeon Overview and Level Annotations

Branches:
Dungeon (3/15)

Altars:


Message History

You hit the orc priest but do no damage.
The orc priest is heavily wounded.
The orc priest completely misses you.
You hit the orc priest but do no damage.
The orc priest is heavily wounded.
The orc priest hits you but does no damage.
You hit the orc priest but do no damage.
The orc priest is heavily wounded.
The orc priest closely misses you.
You hit the orc priest but do no damage.
The orc priest is heavily wounded.
The orc priest closely misses you. x2
You hit the orc priest but do no damage.
The orc priest is heavily wounded.
The orc priest invokes the aid of Beogh against you.
You resist with some effort.
Casting: Shock (safe; 9% risk of failure)
Confirm with . or Enter, or press ? or * to list all spells.
Aiming: Shock (safe; 9% risk of failure)
Press: ? - help, Shift-Dir - straight line, f/p - orc priest
Aim: an orc priest, wielding a +0 dagger and wearing a +0 chain mail (heavily wounded, 77% to hit)
You miscast Shock.
You are very lightly contaminated with residual magic.
Nothing appears to happen.
The orc priest misses you.
You hit the orc priest.
The orc priest is severely wounded.
The orc priest hits you with a +0 dagger.
You hit the orc priest.
The orc priest is almost dead.
The orc priest hits you with a +0 dagger.
* * * LOW HITPOINT WARNING * * *
You hit the orc priest but do no damage.
The orc priest is almost dead.
You block the orc priest's attack.
You completely miss the orc priest.
The orc priest is almost dead.
The orc priest invokes the aid of Beogh against you.
Beogh smites you!
Ouch! That really hurt!
You die...

.........# .........# .........#
.........+. ..)).....#.###
.........# ..# ......o..# #.#
######## #@# #.####
.......####### #.####...[######
.......##....# #.....##.#.....#
.......##.##.# #####.##.##.##)###
.......##.##.#######.##....##...#
.......##..#.....#...##########.#
.......###.#####.#.### #...#
.......'..........>.#########.###
.......#####.#####..#...#.....#


You could see an orc priest.

Vanquished Creatures
  An orc priest (D:3)
  4 adders
  A worm (D:3)
  A dart slug (D:2)
  5 orcs (D:3)
  4 endoplasms
  3 giant cockroaches
  5 goblins
  3 hobgoblins
  2 jackals (D:2)
  2 quokkas
  9 ball pythons
  7 bats
  A frilled lizard (D:3)
  4 kobolds
  3 rats
55 creatures vanquished.

Notes
Turn   | Place    | Note
-------+----------+-------------------------------------------
     0 | D:1      | Descartes the Deep Elf Wanderer began the quest for the
                  | Orb.
     0 | D:1      | Descartes set off with the following items: a +0 dagger, a
                  | potion of curing, a +0 robe, a +0 pair of boots; and the
                  | following spells available to memorise: Necrotise, Shock,
                  | Swiftness, Vampiric Draining, Corpse Rot.
     0 | D:1      | Reached XP level 1. HP: 10/10 MP: 6/6
     2 | D:1      | Learned a level 1 spell: Shock
   216 | D:1      | You fall into a shaft and drop 1 floor!
   216 | D:2      | Found a faded altar of an unknown god.
   270 | D:2      | Reached XP level 2. HP: 15/15 MP: 6/8
   299 | D:1      | Reached skill level 3 in Dodging
  1286 | D:2      | Reached XP level 3. HP: 8/19 MP: 0/9
  2047 | D:2      | Reached XP level 4. HP: 5/24 MP: 0/10
  2563 | D:3      | Reached skill level 4 in Dodging
  2706 | D:3      | Reached skill level 1 in Shields
  3603 | D:3      | Killed from afar by an orc priest

Illustrated notes

Levels and vault maps discovered:
D:1:      dpeg_arrival_tiny_i, layout_basic, nicolae_titane
D:2:      layout_basic, basic_ecumenical_altar
D:3:      layout_basic, hangedman_decor_clover_reticule, minivault_26

Skill      XL: |  1  2  3  4 |
---------------+-------------+-----
Dodging        | 3 4 |  4.2
Air Magic      | 3 |  3.5
Shields        | 1 |  1.6
Armour         | |  1.5
Spellcasting   | |  3.0
Necromancy     | |  1.2
Invocations    | |  1.0

Action                   |  1- 3 |  4- 6 || total
-------------------------+-------+-------++-------
Melee: Dagger            |     7 |    24 ||    31
 Cast: Shock             |    83 |    60 ||   143
Armor: Robe              |    10 |     8 ||    18
Dodge: Dodged            |    38 |    16 ||    54
Block: Buckler           |     3 |     6 ||     9
